 Dungeon Crawl Stone Soup version 0.18.1-8-gdd0e5ea (webtiles) character file.

383 Hipnos the Digger (level 6, 0/49 HPs)
             Began as a Gargoyle Earth Elementalist on May 30, 2016.
             Slain by an ogre
             ... wielding a +0 giant club
              (15 damage)
             ... on level 4 of the Dungeon.
             The game lasted 00:18:30 (3831 turns).

Hipnos the Digger (Gargoyle Earth Elementalist)     Turns: 3831, Time: 00:18:31

Health: 0/49       AC: 23    Str: 12    XL:     6   Next: 76%
Magic:  3/11       EV:  2    Int: 17    God:
Gold:   192        SH:  2    Dex:  7    Spells: 4 memorised, 2 levels left

rFire  . . .     SeeInvis .     k - +1 whip
rCold  . . .     Gourm    .     (armour currently unavailable)
rNeg   + + +     Faith    .     (no shield)
rPois  ∞         Spirit   .     (helmet currently unavailable)
rElec  .         Dismiss  .     (cloak currently unavailable)
rCorr  .         Reflect  +     (gloves currently unavailable)
SustAt .         Harm     .     (boots currently unavailable)
MR     .....     NoTele   +     r - +2 amulet of reflection
Stlth  ++........               (no ring)
                                D - -3 ring of dexterity (curse)

@: tree-form, not resistant to hostile enchantments, unstealthy
A: negative energy resistance 1, (electricity resistance), (unbreathing),
petrification resistance, rot immunity, AC +4
a: no special abilities


You were on level 4 of the Dungeon.
You were not hungry.
You were a tree.
You visited 1 branch of the dungeon, and saw 4 of its levels.
You also visited: Ossuary.

You collected 192 gold pieces.

Inventory:

Hand Weapons
 k - a +1 whip (weapon)
Missiles
 b - 136 stones (quivered)
Armour
 a - a +0 robe
 g - a +0 leather armour
 i - a +0 ring mail (melded)
Jewellery
 j - an uncursed amulet of regeneration
 r - a +2 amulet of reflection (around neck)
 D - a cursed -3 ring of dexterity (left branch)
Wands
 A - a wand of slowing (33/48)
Potions
 e - 2 potions of beneficial mutation {unknown}
 f - a potion of curing
 h - a potion of might
 m - 6 potions of brilliance
 n - a potion of lignification
 o - 2 potions of mutation {unknown}
 p - 2 potions of flight {unknown}
 s - 2 potions of degeneration {unknown}
 t - 2 potions of heal wounds {unknown}
 u - a potion of agility {unknown}
 w - 3 potions of magic
 z - 2 potions of haste {unknown}
 B - a potion of invisibility {unknown}
Books
 c - a book of Geomancy

   Spells                             Type                      Level
   a - Sandblast                      Earth                        1
   b - Passwall                       Transmutation/Earth          2
   c - Stone Arrow                    Conjuration/Earth            3
   d - Petrify                        Transmutation/Earth          4
   e - Lee's Rapid Deconstruction     Earth                        5
Comestibles
 d - 3 bread rations
 l - a slice of pizza


   Skills:
 + Level 0.9 Fighting
 * Level 1.3 Maces & Flails
 + Level 1.6 Armour
 + Level 2.7 Dodging
 - Level 2.1 Stealth
 + Level 3.5 Spellcasting
 - Level 1.0 Transmutations
 * Level 6.1 Earth Magic


You had 2 spell levels left.
You knew the following spells:

 Your Spells              Type           Power        Failure   Level  Hunger
a - Sandblast             Erth           ###...       1%          1    None
b - Passwall              Trmt/Erth      ###.......   10%         2    ##.....
c - Stone Arrow           Conj/Erth      ##....       17%         3    ###....
d - Petrify               Trmt/Erth      ###.....     45%         4    ####...


Dungeon Overview and Level Annotations

Branches:
Dungeon (4/15)
 Temple: D:4-7

Altars:
Cheibriados
Dithmenos
Fedhas
Makhleb
Okawaru
Trog

Annotations:
D:3 Rationalist's ghost, amateur MiBe


Innate Abilities, Weirdness & Mutations

You are resistant to torment.
((Your stone body is resilient (AC +4).))
You are immune to poison.
You resist negative energy.
((You are resistant to electric shocks.))
((You can survive without breathing.))
You are immune to petrification.
You are immune to rotting.


Message History

You closely miss the adder.
The adder is severely wounded.
The adder bites you but does no damage.
You barely miss the adder.
The adder is severely wounded.
The adder bites you but does no damage.
You hit the adder but do no damage.
The adder is severely wounded.
The adder bites you but does no damage. x2
You hit the adder.
You kill the adder!
Drink which item? (? for menu, Esc to quit)
Okay, then.
You barely miss the ogre.
The ogre is moderately wounded.
The ogre hits you but does no damage.
You hit the ogre.
The ogre is heavily wounded.
The ogre hits you with a giant club!
You die...

#(###.# #.# # #.# #
#.##### .# #.#. .####.#
##### #.#.#...... ##...
#[#...##.#####...#####
#.##.##........#.....#
##.##.#.....###...###.# #
#........._.♣OZS.## #.# #.
#.###.#.....###..........#
#.###.###.##...##
##.####.##.#
#...8..##.###..... ....
..# # #.........# #.####
..###..# #8...8#..# #.#
#.## .... #........# #.#
#. .... #..8.....# #.#
.#..# #######..#


You could see an ogre, an adder and a giant frog skeleton.

Vanquished Creatures
  A howler monkey (D:4)
  A centaur zombie (Ossuary)
  A human zombie (Ossuary)
  Ijyb (D:2)
  5 big kobold zombies (Ossuary)
  2 mummies (Ossuary)
  5 adders
  An adder zombie (Ossuary)
  2 worms (D:2)
  A dart slug (D:1)
  8 giant geckos
  9 bats
  5 giant cockroaches
  6 goblins
  8 hobgoblins
  A quokka (D:3)
  A ball python (D:1)
  2 giant newts
  12 hobgoblin zombies (Ossuary)
  2 jackal zombies (Ossuary)
  4 kobolds
  7 kobold zombies (Ossuary)
  8 orc zombies (Ossuary)
  10 rats
103 creatures vanquished.

Notes
Turn   | Place    | Note
--------------------------------------------------------------
     0 | D:1      | Hipnos the Gargoyle Earth Elementalist began the quest for the Orb.
     0 | D:1      | Reached XP level 1. HP: 10/10 MP: 3/3
   138 | D:1      | Reached XP level 2. HP: 7/15 MP: 0/5
   383 | D:1      | Reached skill level 4 in Earth Magic
   809 | D:1      | Reached XP level 3. HP: 11/19 MP: 3/6
  1270 | D:2      | Noticed Ijyb
  1280 | D:2      | Killed Ijyb
  1280 | D:2      | Reached XP level 4. HP: 16/24 MP: 0/7
  1538 | D:2      | Reached skill level 1 in Armour
  2108 | D:2      | Found an iron altar of Okawaru.
  2110 | D:2      | Found a bloodstained altar of Trog.
  2115 | D:2      | Learned a level 2 spell: Passwall
  2119 | D:2      | Learned a level 3 spell: Stone Arrow
  2251 | D:3      | Found a snail-covered altar of Cheibriados.
  2259 | D:3      | Found a blossoming altar of Fedhas.
  2340 | D:3      | Noticed a two-headed ogre
  2422 | D:3      | Reached skill level 1 in Transmutations
  2422 | D:3      | Reached XP level 5. HP: 21/28 MP: 0/9
  2442 | D:3      | Reached skill level 5 in Earth Magic
  2542 | D:3      | Found a shadowy altar of Dithmenos.
  2584 | D:3      | Noticed Rationalist's ghost (amateur MiBe)
  2639 | D:4      | Found a sand-covered staircase.
  2642 | D:4      | Found a burning altar of Makhleb.
  2671 | Ossuary  | Entered an ossuary
  2953 | Ossuary  | Learned a level 4 spell: Petrify
  3101 | Ossuary  | HP: 1/28 [human zombie (5)]
  3121 | Ossuary  | Reached XP level 6. HP: 4/33 MP: 1/10
  3449 | Ossuary  | Reached skill level 1 in Maces & Flails
  3509 | Ossuary  | Reached skill level 6 in Earth Magic
  3831 | D:4      | Slain by an ogre

Skill      XL: |  1  2  3  4  5  6 |
---------------+-------------------+-----
Earth Magic    | 4 5 6 |  6.1
Dodging        | 2 |  2.7
Armour         | 1 |  1.6
Transmutations | 1 |  1.0
Spellcasting   | 3 |  3.5
Maces & Flails | 1 |  1.3
Fighting       | |  0.9
Stealth        | |  2.1

Action                   |  1- 3 |  4- 6 || total
-------------------------+-------+-------++-------
Melee: Unarmed           |    40 |       ||    40
       Whip              |    37 |   287 ||   324
 Cast: Sandblast         |    38 |    92 ||   130
       Passwall          |       |     4 ||     4
  Use: Scroll            |       |     6 ||     6
       Potion            |       |     4 ||     4
  Eat: Chunk             |     2 |     5 ||     7
       Meat ration       |       |     1 ||     1
Armor: Robe              |    16 |       ||    16
       Ring mail         |    45 |   195 ||   240
       Skin              |       |    35 ||    35
Dodge: Dodged            |    69 |   193 ||   262
Block: Other             |       |    19 ||    19
